cohdb
Replays
Latest Replays
All Replays
Popular Replays
Top Player Replays
Match Explorer
How It Works
Community
CoH3 Stats
Reddit
Sign in to upload your games and track your stats! →
Sign in with Steam
Match 40010733
Unlisted
Match 40010733
Overview
Messages
Build Orders
End
Construct Barracks
Riflemen Squad
Riflemen Squad
Construct Weapon Support Center
M1 Mortar Team
Selects Heavy Weapons
Grenade Package
M1919 Machine Gun Team
Selects M2HB .50cal Heavy Machine Gun
Air Support Center
Engineer Squad
Grasshopper Recon Run
Construct Motor Pool
M3 Armored Personnel Carrier
Selects Assault Carriers
P-47 Strafing Run
P-47 Dive Bomb
Double Sortie
Particycles
banksss33
CryptX
AxleInCommand
bkreuzer
wnsldj789123
0
0
Comments
sign in to comment!
No comments posted yet!